 Dungeon Crawl Stone Soup version 0.30-a0-160-gcfceee88d3 (webtiles) character file.

Game seed: 13138692182236499954

77 qw the Chopper (level 4, -2/28 HPs)
             Began as a Gargoyle Fighter on Sept 27, 2022.
             Slain by a lemure (8 damage)
             ... led by Pikel
             ... on level 6 of the Dungeon.
             The game lasted 00:00:38 (1628 turns).

qw the Chopper (Gargoyle Fighter)                   Turns: 1628, Time: 00:00:38

Health: -2/28      AC: 10    Str: 21    XL:     4   Next: 34%
Magic:  4/4        EV:  9    Int:  9    God:
Gold:   139        SH:  4    Dex:  9    Spells: 3/3 levels left

rFire   . . .      SeeInvis .    Y - +0 war axe
rCold   . . .      Faith    .    c - +0 buckler
rNeg    + . .      Spirit   .    b - +0 scale mail
rPois   inf        Reflect  .    (no helmet)
rElec   +          Harm     .    (no cloak)
rCorr   .          Rampage  .    (no gloves)
Will    .....                    (no boots)
Stlth   ..........               (no amulet)
HPRegen 0.09/turn                (no ring)
MPRegen 0.09/turn                (no ring)

@: no status effects
A: sickness immunity, AC +3, negative energy resistance 1, electricity
resistance, torment resistance 1, petrification resistance
a: no special abilities


You were on level 6 of the Dungeon.
You visited 1 branch of the dungeon, and saw 4 of its levels.

You collected 139 gold pieces.


Innate Abilities, Weirdness & Mutations

You are immune to sickness and miasma.
Your stone body is resilient. (AC +3)
You are immune to poison.
You resist negative energy. (rN+)
You are resistant to electric shocks. (rElec)
You are resistant to unholy torment.
You are immune to petrification.


   Skills:
 - Level 3.2 Fighting
 + Level 4.1 Axes
 - Level 3.2 Armour
 - Level 3.2 Shields


You had 3 spell levels left.
You didn't know any spells.
Your spell library was empty.

Inventory:

Hand Weapons
 k - a +0 flail
 Y - a +0 war axe (weapon)
Missiles
 m - 6 boomerangs (quivered)
Armour
 b - a +0 scale mail (worn)
 c - a +0 buckler (worn)
Scrolls
 a - 2 scrolls of identify
Potions
 d - 2 potions of might
 e - a potion of curing
 f - a potion of lignification
 j - a potion of attraction {unknown}
 l - a potion of resistance {unknown}

Dungeon Overview and Level Annotations

Branches:
Dungeon (3/15)

Altars:
Gozag

Shops:
D:1 (   D:2 (


Message History

You closely miss the adder.
The adder is heavily wounded.
You block the adder's attack. The adder barely misses you.
You miss the adder.
The adder is heavily wounded.
The adder bites you but does no damage. The adder bites you.
You slash the adder!
You kill the adder!
The lemure barely misses you.
Your Axes skill increases to level 4!
1619 ||| Stepping ~*~*~tactically~*~*~ (stealth).
The lemure attacks as you move away! The lemure barely misses you.
You closely miss the lemure. The lemure hits you but does no damage.
You hit the lemure but do no damage. You closely miss the lemure.
The lemure hits you but does no damage. You block the lemure's attack.
You barely miss the lemure. x2
The lemure closely misses you. The lemure barely misses you.
The lemure hits you! The lemure hits you but does no damage.
You closely miss the lemure. You barely miss the lemure.
You block the lemure's attack. x2
You barely miss the lemure. You hit the lemure.
The lemure hits you but does no damage. The lemure hits you.
You slash the lemure!
The lemure is heavily wounded.
You closely miss the lemure. The lemure hits you.
The lemure hits you but does no damage. The lemure barely misses you.
The lemure hits you but does no damage.
You slash the lemure!
The lemure is almost dead.
You hit the lemure but do no damage. The lemure hits you but does no damage.
The lemure hits you.
You slash the lemure!
You kill the lemure!
That felt strangely unrewarding.
You hit the lemure. The lemure hits you but does no damage.
You completely miss the lemure.
The lemure is lightly wounded.
The lemure hits you!
You die...

#.# # #.# #.
#.# #.###.#
#...#.# #
###.#.# .#
#...#.# #.###
#)###..#...(.#
#. ##@#.....#
.. #5......#
#. #%#.....# #
#..#.....#
..... ..#).
S..._....8# .
5...8$$.8....
..5}~~~~~}....
..8~#####~8..


You could see a lemure.

Vanquished Creatures
  A lemure (D:6)
  3 adders
  3 dart slugs (D:1)
  5 endoplasms
  A giant cockroach (D:1)
  6 goblins
  4 hobgoblins
  8 jackals
  3 kobolds
  A ball python (D:1)
  3 frilled lizards (D:1)
  4 rats
42 creatures vanquished.

Notes
Turn   | Place    | Note
-------+----------+-------------------------------------------
     0 | D:1      | qw the Gargoyle Fighter began the quest for the Orb.
     0 | D:1      | Reached XP level 1. HP: 14/14 MP: 1/1
     0 | D:1      | 0 ||| qw: Version: 0.2-a-10-g37ed214
     0 | D:1      | 0 ||| qw: Game counter: 612
     0 | D:1      | 0 ||| qw: Always use a shield: true
     0 | D:1      | 0 ||| qw: God list: Okawaru
     0 | D:1      | 0 ||| qw: Allow faded altars: false
     0 | D:1      | 0 ||| qw: Do Orc after D:15 true
     0 | D:1      | 0 ||| qw: Do second Lair branch before Depths: true
     0 | D:1      | 0 ||| qw: Lair rune preference: random
     0 | D:1      | 0 ||| qw: Plans: Normal, Zot:1-4, God:TSO, Crypt, Tomb,
                  | Pan, Slime:5, Hells, Abyss, Orb
     0 | D:1      | 0 ||| PLANNING D:1-11
    58 | D:1      | Reached skill level 2 in Axes
   116 | D:1      | Reached XP level 2. HP: 19/19 MP: 2/2
   122 | D:1      | 122 ||| Stepping ~*~*~tactically~*~*~ (stealth).
   154 | D:1      | Found Gabrew's Antique Weapon Boutique.
   155 | D:1      | 155 ||| Stepping ~*~*~tactically~*~*~ (stealth).
   156 | D:1      | 156 ||| Stepping ~*~*~tactically~*~*~ (stealth).
   172 | D:1      | 172 ||| SHOPLISTING flail (94 gold, have 8).
   172 | D:1      | 172 ||| SHOPLISTING mace (81 gold, have 8).
   178 | D:1      | Reached skill level 3 in Axes
   179 | D:1      | Reached XP level 3. HP: 19/23 MP: 3/3
   855 | D:1      | 855 ||| DROPPING ring of wizardry.
   856 | D:1      | 856 ||| READING scroll labelled ESAGHI COKAMO.
   857 | D:1      | 857 ||| READING scroll labelled JONESE RUQ.
   858 | D:1      | 858 ||| READING scroll labelled HESURU BETOMIUDI.
   859 | D:1      | 859 ||| READING scroll labelled ZUGAVY LIFO.
   860 | D:1      | 860 ||| DRINKING 2 sedimented brown potions.
   901 | D:1      | 901 ||| DRINKING 2 glowing orange potions.
  1005 | D:1      | 1005 ||| DROPPING potion of berserk rage.
  1061 | D:2      | Found a faded altar of an unknown god.
  1134 | D:2      | Reached XP level 4. HP: 28/28 MP: 4/4
  1224 | D:2      | 1224 ||| DROPPING +0 whip.
  1280 | D:2      | 1280 ||| DROPPING +3 whip.
  1389 | D:2      | Found Naneos's Weapon Shoppe.
  1539 | D:2      | 1539 ||| READING scroll labelled TETTOEL XEKIA.
  1540 | D:2      | 1540 ||| DRINKING 2 bubbling cyan potions.
  1541 | D:2      | 1541 ||| READING 2 scrolls of identify.
  1541 | D:2      | 1541 ||| IDENTIFYING golden potion
  1542 | D:2      | 1542 ||| DROPPING potion of invisibility.
  1596 | D:3      | You fall into a shaft and drop 3 floors!
  1601 | D:6      | Found an opulent altar of Gozag.
  1608 | D:6      | Noticed a lemure
  1608 | D:6      | Noticed a lemure
  1609 | D:6      | 1609 ||| Stepping ~*~*~tactically~*~*~ (stealth).
  1614 | D:6      | Noticed a lemure
  1619 | D:6      | Reached skill level 4 in Axes
  1619 | D:6      | 1619 ||| Stepping ~*~*~tactically~*~*~ (stealth).
  1626 | D:6      | HP: 6/28 [lemure[Pikel] (6)]
  1627 | D:6      | Killed a lemure
  1628 | D:6      | Slain by a lemure

Levels and vault maps discovered:
D:1:      lightli_arrival_boilingwater, layout_basic, serial_shops, shop
D:2:      layout_basic, serial_shops, nicolae_shop_bloodbath_and_beyond,
          basic_ecumenical_altar
D:3:      minmay_evil_eye, layout_basic, serial_shops,
          nicolae_shop_window_shopping, serial_glass, glass_columns_c,
          glass_columns_c, glass_columns_b, glass_columns_b, glass_columns_c,
          glass_columns_a, minmay_strange_pillars, due_unseen_surprise,
          minmay_strange_pillars, minmay_door_square
D:6:      layout_loops_ring, nicolae_gozag_conspicuous_consumption,
          dreamdust_gnoll_farm, uniq_pikel, uniq_edmund

Skill      XL: |  1  2  3  4 |
---------------+-------------+-----
Axes           | 2 3 4 |  4.1
Fighting       | |  3.2
Armour         | |  3.2
Shields        | |  3.2

Action                   |  1- 3 |  4- 6 || total
-------------------------+-------+-------++-------
Melee: War axe           |    65 |    43 ||   108
Throw: Boomerang         |     5 |    16 ||    21
  Use: Scroll            |     4 |     2 ||     6
       Potion            |     2 |     1 ||     3
Armor: Scale mail        |    31 |    42 ||    73
Dodge: Dodged            |    32 |    30 ||    62
Block: Buckler           |    11 |    18 ||    29

Table legend:
 A = Non-vault XP
 B = Vault XP
 C = Vault XP percentage of total XP
 D = Non-vault monster count
 E = Vault monster count
 F = Vault count percentage of total count
                 A         B        C        D         E       F
            +---------+---------+-------+---------+---------+-------
      Total |     111 |       0 |   0.0 |      41 |       0 |   0.0
            +---------+---------+-------+---------+---------+-------
        D:1 |      53 |       0 |   0.0 |      27 |       0 |   0.0
        D:2 |      45 |       0 |   0.0 |      13 |       0 |   0.0
        D:6 |      13 |       0 |   0.0 |       1 |       0 |   0.0
            +---------+---------+-------+---------+---------+-------
